 Dungeon Crawl Stone Soup version 0.31-a0-204-g7da18cac08 (webtiles) character file.

Game seed: 14116149605822848247

107 brknglss the Covert (level 4, -4/41 HPs)
             Began as a Gnoll Wanderer on June 27, 2023.
             Slain by an iguana (12 damage)
             ... on level 3 of the Dungeon.
             The game lasted 00:06:13 (2635 turns).

brknglss the Covert (Gnoll Wanderer)                Turns: 2635, Time: 00:06:14

Health: -4/41      AC:  3    Str:  9    XL:     4   Next: 85%
Magic:  5/5        EV: 11    Int: 10    God:
Gold:   106        SH:  0    Dex: 17    Spells: 5/5 levels left

rFire   . . .        i - +4 dagger
rCold   . . .        (no shield)
rNeg    . . .        o - +0 leather armour
rPois   .            (no helmet)
rElec   .            (no cloak)
rCorr   .            (no gloves)
SInv    +            (no boots)
Will    .....        (no amulet)
Stlth   ++++         a - ring of see invisible
HPRegen 0.26/turn    (no ring)
MPRegen 0.09/turn

%: no passive effects
@: no status effects
A: fangs 1, strong nose, distributed training
a: no special abilities


You were on level 3 of the Dungeon.
You visited 1 branch of the dungeon, and saw 3 of its levels.

You collected 106 gold pieces.

Inventory:

Hand Weapons
 i - a +4 dagger (weapon)
Armour
 o - a +0 leather armour (worn)
Jewellery
 a - a ring of see invisible (left hand)
Wands
 s - a wand of charming (8)
Scrolls
 b - 2 scrolls of blinking
 c - a scroll of noise {unknown}
 g - a scroll of teleportation {unknown}
 h - a scroll of silence {unknown}
 k - 2 scrolls of identify {unknown}
 l - a scroll of enchant armour {unknown}
 n - a scroll of enchant weapon {unknown}
 q - a scroll of immolation {unknown}
Potions
 d - a potion of invisibility
 e - a potion of cancellation {unknown}
 f - 2 potions of attraction {unknown}
 j - 2 potions of curing {unknown}
 m - a potion of brilliance {unknown}
 p - 2 potions of berserk rage {unknown}
 r - a potion of heal wounds {unknown}
 t - a potion of haste {unknown}


   Skills:
 + Level 6.6 Fighting
 + Level 2.8 Short Blades
 + Level 1.3 Long Blades
 + Level 1.3 Axes
 + Level 1.3 Maces & Flails
 + Level 1.3 Polearms
 + Level 1.3 Staves
 + Level 1.3 Ranged Weapons
 + Level 1.3 Throwing
 + Level 2.8 Armour
 + Level 1.3 Dodging
 + Level 9.6 Stealth
 + Level 1.3 Shields
 + Level 1.3 Unarmed Combat
 + Level 1.3 Spellcasting
 + Level 1.0 Conjurations
 + Level 1.0 Hexes
 + Level 1.0 Summonings
 + Level 1.0 Necromancy
 + Level 1.0 Translocations
 + Level 1.0 Transmutations
 + Level 1.0 Fire Magic
 + Level 1.0 Ice Magic
 + Level 1.0 Air Magic
 + Level 1.0 Earth Magic
 + Level 1.0 Poison Magic
 + Level 1.4 Invocations
 + Level 1.3 Evocations


You had 5 spell levels left.
You didn't know any spells.
Your spell library was empty.

Dungeon Overview and Level Annotations

Branches:
Dungeon (3/15)

Altars:
Hepliaklqana

Annotations:
D:3 2 transporters, porpoise's ghost, amateur TeHu


Innate Abilities, Weirdness & Mutations

You have very sharp teeth.
Your uncanny sense of smell can sniff out nearby items.
Your experience applies equally to all skills.


Message History

The iguana writhes in agony.
The iguana attacks as you move away! The iguana closely misses you.
A goblin comes into view. It is wielding a +0 club.
Aiming: Charm
Press: ? - help, Shift-Dir - straight line, f - iguana, p - orc priest
Aim: an iguana (moderately wounded, ally target, chance to affect: 61%)
The iguana is charmed.
The goblin shouts!
You hear a shout! x2
The goblin unwields a +0 club.
The goblin wields a +0 sling.
The goblin shoots a sling bullet.
The sling bullet misses you. What are your orders? t - Bark!
Orders for allies: a - Attack new target. p - Attack previous target. r - Retreat! s - Stop attacking. g - Guard the area. f - Follow me.
Anything else - Cancel.
Guard this area!
There is an escape hatch in the ceiling here.
You start resting.
You hear the rusting of a very distant drain.
You now have 106 gold pieces (gained 10).
Found a transporter.
Found a transporter.
Porpoise's ghost turns its malevolent gaze towards you.
Found 6 gold pieces and a glowing brown potion.
Found a blue potion and a scroll labelled ZETOKHL SA OTS.
You hit the iguana but do no damage.
The iguana is lightly wounded.
The iguana bites you.
* * * LOW HITPOINT WARNING * * *
You closely miss the iguana.
The iguana is lightly wounded.
You hit the iguana.
The iguana is moderately wounded.
The iguana bites you.
* * * LOW HITPOINT WARNING * * *
You hit the iguana.
The iguana is severely wounded.
The iguana bites you!
You die...

..#####............# ∆
#.......####.#####.####
..#####.# #..........#
#..# #######l##.# ∆ #.##
#.##.## #.# #.##..### #.##
#.##..o..
###.##..##########.##..###
...$......@l.....##.##..#
...!....©...........##g.#
..#############..# #..#
#©....ZZ. ..# # #..#
#......... .# #..#
#..##...##..# ...# #..
8...8 ..# ∆#. ##.!.# ?#


You could see an iguana, a howler monkey zombie and a wyvern skeleton.

Vanquished Creatures
  An adder (D:3)
  3 worms (D:2)
  4 dart slugs (D:1)
  2 orcs (D:3)
  6 endoplasms
  A giant cockroach (D:1)
  6 goblins
  4 hobgoblins
  14 jackals
  2 quokkas
  7 ball pythons
  3 bats
  4 frilled lizards
  8 kobolds
  3 rats (D:1)
68 creatures vanquished.

Vanquished Creatures (collateral kills)
  An orc (D:3)
1 creature vanquished.

Grand Total: 69 creatures vanquished

Notes
Turn   | Place    | Note
-------+----------+-------------------------------------------
     0 | D:1      | Reached skill level 9 in Stealth
     0 | D:1      | brknglss the Gnoll Wanderer began the quest for the Orb.
     0 | D:1      | brknglss set off with the following items: a +3 dagger, a
                  | scroll of blinking, a +0 short sword, a potion of
                  | invisibility, a +0 robe.
     0 | D:1      | Reached XP level 1. HP: 23/23 MP: 1/1
    98 | D:1      | Reached XP level 2. HP: 14/29 MP: 2/2
   387 | D:1      | Reached XP level 3. HP: 35/35 MP: 3/3
   548 | D:1      | Reached skill level 1 in Invocations
   624 | D:1      | Found a faded altar of an unknown god.
  1009 | D:2      | Reached skill level 1 in Long Blades
  1009 | D:2      | Reached skill level 1 in Axes
  1009 | D:2      | Reached skill level 1 in Maces & Flails
  1009 | D:2      | Reached skill level 1 in Polearms
  1009 | D:2      | Reached skill level 1 in Staves
  1009 | D:2      | Reached skill level 1 in Ranged Weapons
  1009 | D:2      | Reached skill level 1 in Throwing
  1009 | D:2      | Reached skill level 1 in Dodging
  1009 | D:2      | Reached skill level 1 in Shields
  1009 | D:2      | Reached skill level 1 in Unarmed Combat
  1009 | D:2      | Reached skill level 1 in Spellcasting
  1009 | D:2      | Reached skill level 1 in Evocations
  1255 | D:2      | Reached XP level 4. HP: 28/41 MP: 5/5
  1535 | D:2      | Found a hazy altar of Hepliaklqana.
  1602 | D:2      | Identified the +1 cloak of Ycoela {rPois Int+7 Dex-4}
  2319 | D:3      | Reached skill level 1 in Conjurations
  2319 | D:3      | Reached skill level 1 in Hexes
  2319 | D:3      | Reached skill level 1 in Summonings
  2319 | D:3      | Reached skill level 1 in Necromancy
  2319 | D:3      | Reached skill level 1 in Translocations
  2319 | D:3      | Reached skill level 1 in Transmutations
  2319 | D:3      | Reached skill level 1 in Fire Magic
  2319 | D:3      | Reached skill level 1 in Ice Magic
  2319 | D:3      | Reached skill level 1 in Air Magic
  2319 | D:3      | Reached skill level 1 in Earth Magic
  2319 | D:3      | Reached skill level 1 in Poison Magic
  2624 | D:3      | Found a transporter.
  2625 | D:3      | Noticed porpoise's ghost (amateur TeHu)
  2627 | D:3      | Found a transporter.
  2635 | D:3      | Slain by an iguana

Illustrated notes

Levels and vault maps discovered:
D:1:      ebering_trefoil_twist, layout_loops_ring,
          shapermc_ecumenical_altar_flowoftime, chequers_serial_rivers_large_a,
          minmay_misc_feat_more_columns, minmay_octomino_c4
D:2:      kennysheep_big_flooded_room, layout_loops_corners, basic_altar
D:3:      minmay_general_purpose_star, layout_loops_ring,
          gup_sewer_entry_bubbles, gammafunk_ghost_mausoleum,
          minmay_misc_feat_room, uniq_robin

Skill      XL: |  1  2  3  4 |
---------------+-------------+-----
Stealth        | |  9.6
Invocations    | 1 |  1.4
Long Blades    | 1 |  1.3
Axes           | 1 |  1.3
Maces & Flails | 1 |  1.3
Polearms       | 1 |  1.3
Staves         | 1 |  1.3
Ranged Weapons | 1 |  1.3
Throwing       | 1 |  1.3
Dodging        | 1 |  1.3
Shields        | 1 |  1.3
Unarmed Combat | 1 |  1.3
Spellcasting   | 1 |  1.3
Evocations     | 1 |  1.3
Conjurations   | 1 |  1.0
Hexes          | 1 |  1.0
Summonings     | 1 |  1.0
Necromancy     | 1 |  1.0
Translocations | 1 |  1.0
Transmutations | 1 |  1.0
Fire Magic     | 1 |  1.0
Ice Magic      | 1 |  1.0
Air Magic      | 1 |  1.0
Earth Magic    | 1 |  1.0
Poison Magic   | 1 |  1.0
Fighting       | |  6.6
Short Blades   | |  2.8
Armour         | |  2.8

Action                     |  1- 3 |  4- 6 || total
---------------------------+-------+-------++-------
  Melee: Dagger            |    84 |    86 ||   170
         Bite              |     7 |     6 ||    13
         Punch             |     1 |       ||     1
  Evoke: Wand              |       |     2 ||     2
   Stab: Sleeping          |    12 |    11 ||    23
 Armour: Robe              |    18 |     2 ||    20
         Leather armour    |       |    12 ||    12
  Dodge: Dodged            |    47 |    56 ||   103

Table legend: (Time is in decaauts)
 A = Elapsed time spent in this place.
 B = Non-inter-level travel time spent in this place.
 C = Inter-level travel time spent in this place.
 D = Time resting spent in this place.
 E = Time spent auto-exploring this place.
 F = Levels seen in this place.
 G = Mean time per level.
                   A        B        C        D        E       F      G
               +--------+--------+--------+--------+--------+-----+--------+
         Total |   2626 |   2580 |     46 |    533 |   1330 |   3 |  875.3 |
       Dungeon |   2626 |   2580 |     46 |    533 |   1330 |   3 |  875.3 |
               +--------+--------+--------+--------+--------+-----+--------+

Top non-repeatable levels by time:
     D:2: 1345 daAuts
     D:1: 959 daAuts
     D:3: 321 daAuts
